 Dungeon Crawl Stone Soup version 0.20-a0-553-g9f38e11 (webtiles) character file.

1257 drasked the Thaumaturge (level 8, -6/36 HPs)
             Began as a Spriggan Conjurer on Feb 3, 2017.
             Was an Initiate of Vehumet.
             Shot with an arrow by a centaur (11 damage)
             ... on level 6 of the Dungeon.
             The game lasted 00:28:28 (7507 turns).

drasked the Thaumaturge (Spriggan Conjurer)         Turns: 7507, Time: 00:28:28

Health: -6/36      AC:  2    Str:  4    XL:     8   Next: 26%
Magic:  6/22       EV: 18    Int: 19    God:    Vehumet [......]
Gold:   277        SH:  0    Dex: 16    Spells: 19/25 levels left

rFire    . . .     SeeInvis +   d - +0 dagger
rCold    . . .     Gourm    .   a - +0 robe
rNeg     . . .     Faith    .   (shield restricted)
rPois    .         Spirit   .   (helmet restricted)
rElec    .         Reflect  .   (no cloak)
rCorr    .         Harm     .   (gloves unavailable)
MR       +....                  (boots unavailable)
Stlth    ++........             (no amulet)
Regen    0.2/turn               (no ring)
                                (no ring)

@: very slightly contaminated, very quick
A: unfitting armour, see invisible, herbivore 3, speed 3, slow metabolism 2
a: Renounce Religion


You were on level 6 of the Dungeon.
You worshipped Vehumet.
Vehumet was noncommittal.
You were full.

You visited 2 branches of the dungeon, and saw 7 of its levels.

You collected 277 gold pieces.

Inventory:

Hand Weapons
 d - a +0 dagger (weapon)
   (You took it off a kobold on level 1 of the Dungeon)
Armour
 a - a +0 robe (worn)
Jewellery
 g - a +3 ring of dexterity {unknown}
   (You found it on level 1 of the Dungeon)
 q - an uncursed amulet of magic regeneration {unknown}
   (You found it on level 2 of the Dungeon)
Wands
 u - a wand of polymorph (10/24)
   (You found it on level 2 of the Dungeon)
Scrolls
 f - 2 scrolls of magic mapping {unknown}
 i - 2 scrolls of identify {unknown}
 k - a scroll of blinking {unknown}
 l - a scroll of recharging {unknown}
 m - a scroll of random uselessness {unknown}
 n - 5 scrolls of remove curse {unknown}
 o - a scroll of fog {unknown}
 p - 2 scrolls of enchant armour {unknown}
 y - a scroll of immolation {unknown}
Potions
 e - a potion of haste {unknown}
 j - 2 potions of cure mutation {unknown}
 r - 2 potions of heal wounds
 s - a potion of might {unknown}
 t - a potion of curing {unknown}
 v - a potion of lignification {unknown}
 w - a potion of agility {unknown}
 x - a potion of invisibility {unknown}
 z - a potion of brilliance {unknown}
Books
 b - a book of Conjurations
Comestibles
 c - a bread ration {@e1}
 h - 3 royal jellies


   Skills:
 - Level 3.0 Dodging
 - Level 3.0 Stealth
 + Level 9.0 Spellcasting
 + Level 6.1 Conjurations


You had 19 spell levels left.
You knew the following spells:

 Your Spells              Type           Power        Failure   Level  Hunger
a - Magic Dart            Conj           ####         1%          1    None
b - Searing Ray           Conj           ####..       1%          2    None
c - Dazzling Spray        Conj/Hex       ###...       10%         3    None


Dungeon Overview and Level Annotations

Branches:
Dungeon (6/15)             Temple (1/1) D:5

Altars:
Cheibriados
Dithmenos
Elyvilon
Fedhas
Gozag
Hepliaklqana
Nemelex Xobeh
Qazlal
Sif Muna
Trog
Uskayaw
Vehumet
Yredelemnul
The Shining One

Shops:
D:5 ?:*   D:6 }


Innate Abilities, Weirdness & Mutations

You are very small and have problems with some larger weapons.
You are too small for most types of armour.
You have supernaturally acute eyesight. (SInv)
You are a herbivore.
You cover ground extremely quickly.
You need consume almost no food.


Message History

Aim: a jackal The magic dart hits the jackal.
You now have 14/21 mp.
Aim: a jackal The magic dart hits the jackal.
You kill the jackal!
Vehumet accepts your kill.
You now have 13/21 mp.
Found Laotur's Gadget Emporium.
An adder comes into view.
An adder is nearby!
Aim: an adder (hasn't noticed you)
The magic dart hits the adder.
The adder hisses angrily.
You now have 13/21 mp.
Aim: an adder (moderately wounded)
The searing ray hits the adder. (Press . to maintain the ray.)
You now have 11/21 mp.
The searing ray hits the adder.
You kill the adder!
Vehumet accepts your kill.
There is an entrance to Laotur's Gadget Emporium here.
You now have 277 gold pieces (gained 9).
n - 5 scrolls labeled PYBLARO OGRI (gained 1)
y - a scroll labeled QICZUI UCAL You regained 3 hp, and now have 34/36 hp.
You regained 5 mp, and now have 16/21 mp.
You open the door.
There is an open door here.
A worker ant comes into view.
Aim: a worker ant (resting)
The magic dart hits the worker ant.
The worker ant twitches its antennae in your direction.
You now have 16/21 mp.
Aim: a worker ant (moderately wounded)
The magic dart hits the worker ant.
You now have 15/21 mp.
You can't see any susceptible monsters within range! (Use Z to cast anyway.)
Aim: a worker ant (heavily wounded)
You miscast Magic Dart.
You are very lightly contaminated with residual magic.
Nothing appears to happen.
You now have 14/21 mp.
Aim: a worker ant (heavily wounded)
The searing ray hits the worker ant. (Press . to maintain the ray.)
You now have 13/21 mp.
The searing ray hits the worker ant.
You kill the worker ant!
Vehumet accepts your kill.
Your Spellcasting skill increases to level 9!
You now have 12/22 mp.
Health restored: 36
Found a stone staircase leading down.
You open the door.
There is an open door here.
The centaur is too close now for your liking.
Aim: a centaur, wielding an enchanted shortbow (hasn't noticed you)
The magic dart hits the centaur.
The centaur shoots an arrow.
The arrow completely misses you.
You now have 12/22 mp.
The centaur shoots an arrow.
The arrow hits you!
You see here an arrow.
You take 8 damage, and have 28/36 hp.
MASSIVE DAMAGE!!
You can't see any susceptible monsters within range! (Use Z to cast anyway.)
The centaur shoots an arrow.
The arrow hits you!
You see here an arrow.
You take 9 damage, and have 19/36 hp.
MASSIVE DAMAGE!!
Aim: a centaur, wielding an enchanted shortbow (lightly wounded)
Okay, then.
The spray of energy hits the centaur.
The centaur is dazzled.
You now have 10/22 mp.
Aim: a centaur, wielding an enchanted shortbow (lightly wounded, blind)
The magic dart hits the centaur.
The centaur shoots an arrow.
The arrow misses you.
You now have 9/22 mp.
Aim: a centaur, wielding an enchanted shortbow (moderately wounded, blind)
The magic dart hits the centaur.
The centaur shoots an arrow.
The arrow closely misses you.
The centaur shoots an arrow.
The arrow closely misses you.
You now have 8/22 mp.
Aim: a centaur, wielding an enchanted shortbow (heavily wounded, blind)
The magic dart hits the centaur.
The centaur is no longer blind.
The centaur shoots an arrow.
The arrow hits you!
* * * LOW HITPOINT WARNING * * *
You take 11 damage, and have 8/36 hp.
MASSIVE DAMAGE!!
You now have 7/22 mp.
Aim: a centaur, wielding an enchanted shortbow (severely wounded)
The magic dart hits the centaur.
The centaur shoots an arrow.
The arrow hits you.
* * * LOW HITPOINT WARNING * * *
You take 4 damage, and have 4/36 hp.
Aim: a centaur, wielding an enchanted shortbow (almost dead)
The magic dart hits the centaur.
The centaur shoots an arrow.
The arrow hits you!
You die...

>........#.....#
.........#.....#
.........#.....#
.........#.....#
.........'.....#
######...##...(.#######
.....#...###+##(......#
.....#........#((..c..#.
.....#........#.@.....'.
.....#........#(......#.
.....#........#.......#
.....#........#.......#
.....#'######+#.......#
###.....................
..#.....................
..#.....................
..#..............


You could see a centaur.

Vanquished Creatures
  Edmund (D:5)
  An ice beast (D:6)
  2 eyes of draining (D:4)
  An ogre (D:5)
  A centaur (D:4)
  Blork the orc (D:5)
  The ghost of anet the Magician, an amateur DEWz (D:3)
  A scorpion (D:4)
  A crimson imp (D:5)
  A centaur skeleton (D:4)
  A hound (D:4)
  2 orc wizards
  An orc priest (D:3)
  A bullfrog skeleton (D:5)
  An iguana (D:4)
  3 worker ants
  6 adders
  2 shadow imps (D:5)
  5 worms
  2 dart slugs
  3 leopard geckos
  16 orcs
  8 bats
  5 giant cockroaches
  7 goblins
  8 hobgoblins
  7 jackals
  9 kobolds
  3 quokkas
  A ball python (D:1)
  7 frilled lizards
  A leopard gecko zombie (D:6)
  A quokka skeleton (D:4)
  4 rats
115 creatures vanquished.

Notes
Turn   | Place    | Note
-------+----------+-------------------------------------------
     0 | D:1      | drasked the Spriggan Conjurer began the quest for the Orb.
     0 | D:1      | Reached XP level 1. HP: 9/9 MP: 5/5
    57 | D:1      | Reached skill level 3 in Conjurations
   136 | D:1      | Reached skill level 3 in Spellcasting
   296 | D:1      | Reached XP level 2. HP: 13/13 MP: 1/7
   300 | D:1      | Learned a level 2 spell: Searing Ray
  1293 | D:2      | Reached XP level 3. HP: 16/16 MP: 7/9
  1298 | D:2      | Learned a level 3 spell: Dazzling Spray
  1534 | D:2      | Reached skill level 4 in Spellcasting
  2215 | D:2      | Reached XP level 4. HP: 21/21 MP: 9/11
  2468 | D:3      | Found a shadowy altar of Dithmenos.
  2736 | D:3      | Noticed anet's ghost (amateur DEWz)
  2755 | D:3      | Killed anet's ghost
  2755 | D:3      | Reached skill level 5 in Spellcasting
  2755 | D:3      | Reached skill level 4 in Conjurations
  2755 | D:3      | Reached XP level 5. HP: 9/24 MP: 3/13
  2989 | D:3      | Found a white marble altar of Elyvilon.
  3866 | D:4      | Reached XP level 6. HP: 28/28 MP: 8/15
  3975 | D:4      | Reached skill level 6 in Spellcasting
  4946 | D:4      | Reached skill level 7 in Spellcasting
  4946 | D:4      | Reached skill level 5 in Conjurations
  4946 | D:4      | Reached XP level 7. HP: 32/32 MP: 2/18
  5084 | D:4      | Found a bloodstained altar of Trog.
  5660 | D:5      | Entered Level 5 of the Dungeon
  5698 | D:5      | Noticed Blork the orc
  5709 | D:5      | Killed Blork the orc
  5912 | D:5      | Noticed Edmund
  5943 | D:5      | Killed Edmund
  5943 | D:5      | Reached skill level 8 in Spellcasting
  6033 | D:5      | Found Loseir's Magic Scroll Boutique.
  6453 | D:5      | Found Quaryruf's General Store.
  6505 | D:5      | Reached XP level 8. HP: 36/36 MP: 13/21
  6543 | D:5      | Found Ciont's Book Boutique.
  6593 | D:5      | Found a staircase to the Ecumenical Temple.
  6607 | Temple   | Entered the Ecumenical Temple
  6758 | Temple   | Became a worshipper of Vehumet
  7337 | D:6      | Reached skill level 6 in Conjurations
  7414 | D:6      | Found Laotur's Gadget Emporium.
  7484 | D:6      | Reached skill level 9 in Spellcasting
  7505 | D:6      | HP: 8/36 [centaur/arrow (11)]
  7507 | D:6      | Shot with an arrow by a centaur

Vault maps used:
D:1:      ncdulo_smallfort
D:2:      minmay_tripent
D:3:      elyvilon_altar_3, nicolae_dithmenos_through_a_glass_darkly
D:4:      trog_eyes_of_draining, first_bread
D:5:      lemuel_upstairs_altar, temple_hall, serial_shops, shop_statue,
          kennysheep_mini_moat, shop_fountains, uniq_blork_the_orc, uniq_edmund
D:6:      old_standard_altar, serial_shops, shop, uniq_duvessa, uniq_eustachio
Temple:   minmay_temple_curvy_loop

Skill      XL: |  1  2  3  4  5  6  7  8 |
---------------+-------------------------+-----
Conjurations   | 3 4 5 6 |  6.1
Spellcasting   | 3 4 5 7 8 9 |  9.0
Dodging        | |  3.0
Stealth        | |  3.0

Action                   |  1- 3 |  4- 6 |  7- 9 || total
-------------------------+-------+-------+-------++-------
Melee: Dagger            |       |    40 |     2 ||    42
 Cast: Magic Dart        |    73 |   130 |    69 ||   272
       Searing Ray       |     9 |    14 |    18 ||    41
       Dazzling Spray    |       |     4 |     1 ||     5
 Stab: Sleeping          |       |       |     1 ||     1
  Eat: Fruit             |       |     3 |       ||     3
       Bread ration      |       |       |     1 ||     1
Armor: Robe              |     2 |       |     1 ||     3
Dodge: Dodged            |    11 |    30 |    20 ||    61

Vault maps used:
D:1:      ncdulo_smallfort
D:2:      minmay_tripent
D:3:      elyvilon_altar_3, nicolae_dithmenos_through_a_glass_darkly
D:4:      trog_eyes_of_draining, first_bread
D:5:      lemuel_upstairs_altar, temple_hall, serial_shops, shop_statue,
          kennysheep_mini_moat, shop_fountains, uniq_blork_the_orc, uniq_edmund
D:6:      old_standard_altar, serial_shops, shop, uniq_duvessa, uniq_eustachio
Temple:   minmay_temple_curvy_loop

Table legend:
 A = Turns spent in this place as a percentage of turns spent in the entire game.
 B = Non-inter-level travel turns spent in this place as a percentage of non-inter-level travel turns spent in the entire game.
 C = Inter-level travel turns spent in this place as a percentage of turns spent in this place.
 D = Turns resting spent in this place as a percentage of non-inter-level travel turns spent in this place.
 E = Turns spent auto-exploring this place as a percentage of non-inter-level travel turns spent in this place.
 F = Non-inter-level travel turns spent in this place divided by the number of levels of this place that you've seen.
                   A       B       C       D       E      F
               +-------+-------+-------+-------+-------+----------------------
         Total | 100.0 | 100.0 |   0.6 |   5.2 |  10.0 | 281.9
       Dungeon |  98.1 |  98.2 |   0.5 |   5.3 |   9.6 | 322.8
        Temple |   1.9 |   1.8 |   2.7 |   0.0 |  33.3 |  36.0
               +-------+-------+-------+-------+-------+----------------------

Table legend:
 A = Kills in this place as a percentage of kills in entire the game.
 B = Kills by you in this place as a percentage of kills by you in the entire game.
 C = Kills by friends in this place as a percentage of kills by friends in the entire game.
 D = Other kills in this place as a percentage of other kills in the entire game.
 E = Experience gained in this place as a percentage of experience gained in the entire game.
 F = Experience gained in this place divided by the number of levels of this place that you have seen.
                   A       B       C       D       E      F
               +-------+-------+-------+-------+-------+----------------------
         Total | 100.0 | 100.0 |  -nan |  -nan | 100.0 | 256.6
       Dungeon | 100.0 | 100.0 |  -nan |  -nan | 100.0 | 299.3
               +-------+-------+-------+-------+-------+----------------------
